 Dungeon Sprint DCSS version 0.26-a0-707-g31817bcca1 (webtiles) character file.

Game seed: 6204169620749553589

36978 sahdkjhfkaj the Marksgnoll (level 13, -7/144 HPs)
             Began as a Gnoll Earth Elementalist on Oct 26, 2020.
             Was the Champion of Sif Muna.
             Killed from afar by a purple draconian (34 damage)
             ... with a bolt of dispelling energy
             ... in the Dungeon (Sprint V: "Ziggurat Sprint").
             The game lasted 00:09:35 (2348 turns).

sahdkjhfkaj the Marksgnoll (GnEE)                   Turns: 2348, Time: 00:09:36

Health: -7/144     AC: 25    Str: 20    XL:     13   Next: 93%
Magic:  11/31      EV: 22    Int: 30    God:    Sif Muna [******]
Gold:   0          SH: 11    Dex: 15    Spells: 19/40 levels left

rFire    + . .     SeeInvis +   E - +7 Screaming Sword {vorpal, sonic wave}
rCold    + + .     Faith    .   G - +3 buckler
rNeg     + + .     Spirit   .   (armour currently unavailable)
rPois    ∞         Reflect  .   (no helmet)
rElec    +         Harm     .   (no cloak)
rCorr    .         Rampage  .   (gloves currently unavailable)
MR       +....     NoTele   +   (boots currently unavailable)
Stlth    ++++++....             v - amulet "Ibloceta" {RegenMP rF+ rC+ rN+ SInv}
HPRegen  0.34/turn              x - +6 ring of intelligence
MPRegen  0.47/turn              L - ring "Tucic" {*Corrode rC+ MR+ Str+6 Int+4}

@: statue-form (expiring), corroded, slightly contaminated, studying 3 skills,
very slow
A: distributed training, fangs 1, blurry vision 1, strong nose
a: End Transformation, Channel Magic, Forget Spell, Divine Exegesis, Renounce
Religion


You were in the Dungeon.
You worshipped Sif Muna.
Sif Muna was exalted by your worship.
You were a stone statue.
You visited 1 branch

Inventory:

Hand Weapons
 E - the +7 Screaming Sword (weapon) {vorpal, sonic wave}
   (You found it in the Dungeon)

   It inflicts extra damage upon your enemies.
Armour
 c - a +0 robe (melded)
 G - a +3 buckler (worn)
 H - a +3 kite shield
 I - a +3 tower shield
Jewellery
 v - the amulet "Ibloceta" (around neck) {RegenMP rF+ rC+ rN+ SInv}
   (You found it in the Dungeon)

   [amulet of magic regeneration]

   It increases your magic regeneration.
   It protects you from fire.
   It protects you from cold.
   It protects you from negative energy.
   It lets you see invisible.
 x - a +6 ring of intelligence (left hand)
 L - the ring "Tucic" (right hand) {*Corrode rC+ MR+ Str+6 Int+4}
   (You found it in the Dungeon)

   [ring of protection from cold]

   It affects your strength (+6).
   It affects your intelligence (+4).
   It protects you from cold.
   It affects your resistance to hostile enchantments.
   It may corrode you when you take damage.
Wands
 B - a wand of disintegration (5)
 C - a wand of iceblast (5)
 D - a wand of acid (7)
Scrolls
 i - 4 scrolls of blinking {!r}
 o - 3 scrolls of amnesia {!r}
 p - 7 scrolls of fog {!r}
 q - a scroll of holy word {!r}
 r - 5 scrolls of identify {!r}
 s - 5 scrolls of remove curse {!r}
 t - 2 scrolls of fear {!r}
Potions
 a - 2 potions of brilliance {!q}
 d - 9 potions of curing {!q}
 e - 7 potions of heal wounds {!q}
 f - 10 potions of haste {!q}
 g - 7 potions of magic {!q}
 h - 3 potions of berserk rage {!q}
 j - 2 potions of invisibility {!q}
 k - 4 potions of resistance {!q}
 m - 5 potions of stabbing {!q}
 n - 5 potions of might {!q}
Books
 b - a manual of Short Blades
 l - a manual of Bows
 u - a manual of Unarmed Combat
Miscellaneous
 F - a lightning rod (4/4)


   Skills:
 + Level 13.6 Fighting
 + Level 15.5 Short Blades
 + Level 13.6 Long Blades
 + Level 13.6 Axes
 + Level 13.6 Maces & Flails
 + Level 13.6 Polearms
 + Level 13.6 Staves
 + Level 13.6 Slings
 + Level 17.4 Bows
 + Level 13.6 Crossbows
 + Level 13.6 Throwing
 + Level 13.6 Armour
 + Level 14.2 Dodging
 + Level 14.1 Stealth
 + Level 13.6 Shields
 + Level 15.8 Unarmed Combat
 + Level 14.3 Spellcasting
 + Level 11.7 Conjurations
 + Level 11.7 Hexes
 + Level 11.7 Summonings
 + Level 11.7 Necromancy
 + Level 11.7 Translocations
 + Level 11.9 Transmutations
 + Level 11.7 Fire Magic
 + Level 11.7 Ice Magic
 + Level 11.7 Air Magic
 + Level 12.7 Earth Magic
 + Level 11.7 Poison Magic
 + Level 14.6 Invocations
 + Level 13.6 Evocations


You had 19 spell levels left.
You knew the following spells:

 Your Spells              Type           Power        Failure   Level
a - Borgnjor's Vile Clut  Necr/Erth      #######...   1%          5
L - Silence               Hex/Air        #######...   1%          5
R - Irradiate             Conj/Tmut      #######...   1%          5
S - Statue Form           Tmut/Erth      #######..    2%          6

Your spell library contained the following spells:

 Spells                   Type           Power        Failure   Level
 Beastly Appendage        Tmut           ######       0%          1
 Sandblast                Erth           ######       0%          1
 Animate Skeleton         Necr           ######       1%          1
 Apportation              Tloc           ######       1%          1
 Corona                   Hex            #######      1%          1
 Foxfire                  Conj/Fire      ####         1%          1
 Freeze                   Ice            ####         1%          1
 Magic Dart               Conj           ####         1%          1
 Pain                     Necr           ####         1%          1
 Shock                    Conj/Air       ####         1%          1
 Sting                    Tmut/Pois      ####         1%          1
 Summon Small Mammal      Summ           ####         1%          1
 Blink                    Tloc           N/A          1%          2
 Call Imp                 Summ           #######.     1%          2
 Corpse Rot               Necr/Air       N/A          1%          2
 Passwall                 Tmut/Erth      #######.     1%          2
 Poisonous Vapours        Pois/Air       ######       1%          2
 Slow                     Hex            #######.     1%          2
 Sublimation of Blood     Necr           #######...   1%          2
 Swiftness                Air            #######.     1%          2
 Wereblood                Tmut           #######.     1%          2
 Confusing Touch          Hex            #######.     1%          3
 Conjure Flame            Conj/Fire      #######.     1%          3
 Frozen Ramparts          Ice            ######       1%          3
 Gell's Gravitas          Tloc           #######...   1%          3
 Ignite Poison            Fire/Tmut/Pois #######.     1%          3
 Inner Flame              Hex/Fire       #######.     1%          3
 Lesser Beckoning         Tloc           #######...   1%          3
 Mephitic Cloud           Conj/Pois/Air  #######.     1%          3
 Ozocubu's Armour         Ice            #######.     1%          3
 Portal Projectile        Hex/Tloc       ######       1%          3
 Spider Form              Tmut/Pois      #######...   1%          3
 Static Discharge         Conj/Air       #######.     1%          3
 Stone Arrow              Conj/Erth      ######       1%          3
 Teleport Other           Tloc           #######.     1%          3
 Tukima's Dance           Hex            #######.     1%          3
 Vampiric Draining        Necr           #######...   1%          3
 Airstrike                Air            #######...   1%          4
 Animate Dead             Necr           #######...   1%          4
 Cause Fear               Hex            #######...   1%          4
 Dispel Undead            Necr           #######.     1%          4
 Fulminant Prism          Conj/Hex       #######...   1%          4
 Hailstorm                Conj/Ice       #######.     1%          4
 Ice Form                 Ice/Tmut       #######.     1%          4
 Iskenderun's Mystic Bla  Conj/Tloc      #######.     1%          4
 Leda's Liquefaction      Hex/Erth       #######...   1%          4
 Olgreb's Toxic Radiance  Pois           #######.     1%          4
 Passage of Golubria      Tloc           N/A          1%          4
 Petrify                  Tmut/Erth      #######.     1%          4
 Sticky Flame             Conj/Fire      #######.     1%          4
 Summon Ice Beast         Ice/Summ       #######.     1%          4
 Agony                    Necr           #######.     1%          5
 Alistair's Intoxication  Tmut/Pois      #######..    1%          5
 Blade Hands              Tmut           #######...   1%          5
 Bolt of Magma            Conj/Fire/Erth #######...   1%          5
 Excruciating Wounds      Necr           #######...   1%          5
 Lee's Rapid Deconstruct  Erth           #######...   1%          5
 Lightning Bolt           Conj/Air       #######...   1%          5
 Metabolic Englaciation   Hex/Ice        #######...   1%          5
 Summon Demon             Summ           #######...   1%          5
 Summon Forest            Summ/Tloc      #######...   1%          5
 Summon Mana Viper        Hex/Summ       #######.     1%          5
 Yara's Violent Unravell  Hex/Tmut       #######...   1%          5
 Conjure Ball Lightning   Conj/Air       #######...   2%          6
 Death Channel            Necr           #######...   2%          6
 Dispersal                Tloc           #######...   2%          6
 Eringya's Noxious Bog    Tmut/Pois      #######...   2%          6
 Freezing Cloud           Conj/Ice/Air   #######...   2%          6
 Hydra Form               Tmut           #######...   2%          6
 Invisibility             Hex            #######.     2%          6
 Iron Shot                Conj/Erth      #######...   2%          6
 Shadow Creatures         Summ           N/A          2%          6
 Simulacrum               Ice/Necr       #######...   2%          6
 Starburst                Conj/Fire      #######...   2%          6
 Haunt                    Necr/Summ      #######...   16%         7
 Orb of Destruction       Conj           #######...   16%         7
 Spellforged Servitor     Conj/Summ      #######...   16%         7
 Summon Hydra             Summ           #######...   16%         7
 Necromutation            Tmut/Necr      #######...   75%         8
 Borgnjor's Revivificati  Necr           #######...   77%         8
 Chain Lightning          Conj/Air       #######...   77%         8
 Discord                  Hex            #######...   77%         8
 Disjunction              Tloc           #######...   77%         8
 Infestation              Necr           #######...   77%         8
 Death's Door             Necr           #######...   100%        9
 Fire Storm               Conj/Fire      #######...   100%        9
 Shatter                  Erth           #######...   100%        9


Dungeon Overview and Level Annotations

Branches:
Dungeon (1/1)

Altars:
Ashenzari
Cheibriados
Dithmenos
Elyvilon
Fedhas
Gozag
Hepliaklqana
Kikubaaqudgha
Makhleb
Nemelex Xobeh
Okawaru
Qazlal
Ru
Sif Muna
Trog
Uskayaw
Vehumet
Wu Jian
Xom
Yredelemnul
Zin
The Shining One
Beogh
Jiyva
Lugonu

Annotations:
D 1 transporter


Innate Abilities, Weirdness & Mutations

Your experience applies equally to all skills.
You have very sharp teeth.
Your uncanny sense of smell can sniff out nearby items.
Scrolls take you a little longer to read.


Message History

The black draconian is blasted with magical radiation!!
You kill the black draconian!
Sif Muna accepts your kill.
The black draconian is blasted with magical radiation!!
The black draconian is almost dead.
The black draconian twists and deforms.
You are lightly contaminated with residual magic.
The black draconian misses you.
The red draconian hits you but does no damage.
Space warps horribly around you!
* * * LOW HITPOINT WARNING * * *
The yellow draconian throws acid at you.
The glob of acid hits you.
* * * LOW HITPOINT WARNING * * *
You are splashed with acid!
* * * LOW HITPOINT WARNING * * *
The purple draconian breathes dispelling energy at you.
The bolt of dispelling energy hits you!!
Your magical effects are unravelling.
You die...

▓▓▓▓▓▓▓▓▓▓▓▓▓▓▓..[}..})}
▓.....8©8.....▓...))===}
▓..:||}:.}.)..▓.........
▓..)|[|[)}.}..▓.........
▓.............▓.........
▓.....dd......▓.....†...
▓....dddd.....▓.........
▓....ddd).....▓..▓.....▓
▓....dd8)d....▓.........
▓..▓..))...▓..▓.....©...
▓ ▓.▓.....▓.▓ ▓▓▓▓▓▓▓▓▓▓
▓..▓.......▓..▓....8©8..
▓.............▓..[".")=)
▓......©......▓...[)..}.
▓▓▓▓▓▓▓▓▓▓▓▓▓▓▓.........
▓......... ∆∆∆∆∆∆∆∆∆∆∆
▓.........


You could see 3 draconians, 2 draconians, 2 draconians, 2 draconians, 2
draconians and a white draconian (misshapen).

Vanquished Creatures
  A storm dragon (D)
  A ghoul (D)
  A very ugly thing (D)
  2 entropy weavers (D)
  2 green draconians (D)
  2 white draconians (D)
  3 black draconians (D)
  2 purple draconians (D)
  3 blizzard demons (D)
  3 spriggan air magi (D)
  3 ice dragons (D)
  4 soul eaters (D)
  An unseen horror (shapeshifter) (D)
  A glowing orange brain (shapeshifter) (D)
  2 deep elf archers (D)
  3 deep elf magi (D)
  2 orb spiders (D)
  2 wolf spiders (D)
  3 ugly things (D)
  A shining eye (shapeshifter) (D)
  A moth of wrath (shapeshifter) (D)
  4 draconians (D)
  A cane toad (shapeshifter) (D)
  3 wind drakes (D)
  3 ice devils (D)
  4 hornets (D)
  A wind drake (shapeshifter) (D)
  4 polar bears (D)
  A jumping spider (D)
  A dream sheep (shapeshifter) (D)
  A redback (D)
  A tarantella (shapeshifter) (D)
  2 spriggans (D)
  5 air elementals (D)
  A tarantella (D)
  A hog (shapeshifter) (D)
  2 golden eyes (shapeshifter) (D)
  3 neqoxecs (D)
  8 insubstantial wisps (D)
  A soldier ant (shapeshifter) (D)
  A black bear (D)
  An orc warrior (D)
  3 necrophages (D)
  An ice beast (D)
  2 phantoms (D)
  3 scorpions (D)
  A wight (D)
  An orc priest (D)
  An orc wizard (D)
  3 white imps (D)
  A spectral adder (D)
  An adder zombie (D)
  An adder skeleton (D)
  An adder simulacrum (D)
  3 orcs (D)
  3 bat skeletons (D)
  5 bat zombies (D)
  A ball python skeleton (D)
  A ball python zombie (D)
  A giant cockroach zombie (D)
  A jackal zombie (D)
  2 leopard gecko skeletons (D)
  2 spectral giant cockroaches (D)
  A spectral leopard gecko (D)
131 creatures vanquished.

Vanquished Creatures (others)
  A frost giant (D)
  A wind drake (D)
  2 insubstantial wisps (D)
4 creatures vanquished.

Grand Total: 135 creatures vanquished

Notes
Turn   | Place    | Note
-------+----------+-------------------------------------------
     0 | D        | sahdkjhfkaj the Gnoll Earth Elementalist began the quest
                  | for the Orb.
     0 | D        | Reached XP level 1. HP: 13/13 MP: 6/6
     0 | D        | Found a shimmering blue altar of Sif Muna.
     0 | D        | Found a sacrificial altar of Ru.
     0 | D        | Found a bloodstained altar of Trog.
     0 | D        | Found a stormy altar of Qazlal.
     0 | D        | Found an iron altar of Okawaru.
     0 | D        | Found a sparkling altar of Nemelex Xobeh.
     0 | D        | Found a blossoming altar of Fedhas.
     1 | D        | Found the +6 Majin-Bo {vamp, MP+6 Int+6}
     1 | D        | Found the +9 heavy crossbow "Sniper" {vorpal, Acc+∞ SInv}
     1 | D        | Found the +10 dark maul {vorpal}
     1 | D        | Found the +15 Maxwell's patent armour {-Cast -Tele rElec
                  | MR+ rCorr}
     1 | D        | Found the +18 shield of the Gong {rElec rN+ MR+ EV-5}
     1 | D        | Found the cursed +14 obsidian axe {vorpal, +Fly SInv
                  | *Curse}
     1 | D        | Found the +7 great mace "Firestarter" {inner flame, rF++}
     1 | D        | Found the +6 shillelagh "Devastator" {shatter}
     1 | D        | Found the +11 plutonium sword {*Contam Stlth-}
     1 | D        | Found the +8 lance "Wyrmbane" {slay drac, rPois rF+ rC+
                  | AC+3}
     1 | D        | Found the +9 sword of Zonguldrok {reap}
     1 | D        | Found the cursed +13 scythe of Curses {drain, *Curse}
     1 | D        | Found the +0 sword of Power
     1 | D        | Found the +7 mace of Variability {chain chaos}
     1 | D        | Found the +7 Singing Sword {vorpal, sonic wave}
     1 | D        | Found the +8 storm bow {elec, penet}
     2 | D        | Found a transporter.
     2 | D        | Found an ancient bone altar of Kikubaaqudgha.
     2 | D        | Found a viscous altar of Jiyva.
     2 | D        | Found a corrupted altar of Lugonu.
     2 | D        | Found a hazy altar of Hepliaklqana.
     2 | D        | Found a burning altar of Makhleb.
     2 | D        | Found an opulent altar of Gozag.
    64 | D        | Became a worshipper of Sif Muna the Loreminder
    75 | D        | Entered arena 2.
    75 | D        | Noticed a phantom
    75 | D        | Noticed a phantom
    75 | D        | Found a transporter.
    82 | D        | Killed a phantom
    82 | D        | Reached skill level 2 in Bows
    82 | D        | Reached skill level 5 in Dodging
    82 | D        | Reached skill level 5 in Stealth
    82 | D        | Reached skill level 5 in Spellcasting
    82 | D        | Reached XP level 2. HP: 20/23 MP: 6/8
    82 | D        | Reached XP level 3. HP: 24/28 MP: 7/10
    82 | D        | Reached XP level 4. HP: 29/34 MP: 7/11
    85 | D        | Killed a phantom
    85 | D        | Reached skill level 3 in Bows
    85 | D        | Reached XP level 5. HP: 36/41 MP: 7/13
   134 | D        | Entered arena 3.
   134 | D        | Noticed a spriggan
   134 | D        | Noticed a spriggan
   134 | D        | Noticed a black bear
   134 | D        | Found a transporter.
   136 | D        | Killed a spriggan
   136 | D        | Reached * piety under Sif Muna
   136 | D        | Reached skill level 4 in Bows
   136 | D        | Reached skill level 5 in Invocations
   136 | D        | Reached XP level 6. HP: 49/49 MP: 13/15
   139 | D        | Killed a spriggan
   139 | D        | Reached skill level 5 in Fighting
   139 | D        | Reached skill level 5 in Short Blades
   139 | D        | Reached skill level 5 in Long Blades
   139 | D        | Reached skill level 5 in Axes
   139 | D        | Reached skill level 5 in Maces & Flails
   139 | D        | Reached skill level 5 in Polearms
   139 | D        | Reached skill level 5 in Staves
   139 | D        | Reached skill level 5 in Slings
   139 | D        | Reached skill level 5 in Bows
   139 | D        | Reached skill level 5 in Crossbows
   139 | D        | Reached skill level 5 in Throwing
   139 | D        | Reached skill level 5 in Armour
   139 | D        | Reached skill level 5 in Shields
   139 | D        | Reached skill level 5 in Unarmed Combat
   139 | D        | Reached skill level 5 in Evocations
   139 | D        | Reached XP level 7. HP: 25/56 MP: 13/17
   140 | D        | HP: 1/56 [black bear (12)]
   143 | D        | Reached skill level 5 in Transmutations
   144 | D        | Reached skill level 6 in Bows
   144 | D        | Reached skill level 5 in Conjurations
   144 | D        | Reached skill level 5 in Hexes
   144 | D        | Reached skill level 5 in Summonings
   144 | D        | Reached skill level 5 in Necromancy
   144 | D        | Reached skill level 5 in Translocations
   144 | D        | Reached skill level 5 in Fire Magic
   144 | D        | Reached skill level 5 in Ice Magic
   144 | D        | Reached skill level 5 in Air Magic
   144 | D        | Reached skill level 5 in Poison Magic
   144 | D        | Reached XP level 8. HP: 9/64 MP: 15/20
   415 | D        | Got the Almanac of Nocuous Earth
   417 | D        | Entered arena 4.
   417 | D        | Found a transporter.
   419 | D        | Reached ** piety under Sif Muna
   440 | D        | Learned a level 5 spell: Irradiate
   441 | D        | Entered arena 5.
   441 | D        | Noticed a tarantella
   441 | D        | Found a transporter.
   444 | D        | Reached *** piety under Sif Muna
   447 | D        | Killed a tarantella
   447 | D        | Reached skill level 7 in Bows
   579 | D        | Entered arena 6.
   579 | D        | Noticed a deep elf mage
   579 | D        | Noticed a deep elf archer
   579 | D        | Noticed a deep elf archer
   579 | D        | Noticed a deep elf mage
   579 | D        | Noticed a deep elf mage
   579 | D        | Found a transporter.
   580 | D        | Identified the cursed +1 short sword "Wixuyt" {antimagic,
                  | rN+ MP+9 Dex-3}
   584 | D        | Killed a deep elf archer
   584 | D        | Reached **** piety under Sif Muna
   584 | D        | Reached skill level 8 in Bows
   584 | D        | Reached XP level 9. HP: 40/72 MP: 10/21
   585 | D        | Killed a deep elf mage
   585 | D        | Killed a deep elf mage
   585 | D        | Reached skill level 9 in Bows
   587 | D        | Killed a deep elf mage
   587 | D        | Killed a deep elf archer
   587 | D        | Reached ***** piety under Sif Muna
   587 | D        | Reached skill level 10 in Bows
   587 | D        | Reached XP level 10. HP: 44/82 MP: 1/23
   756 | D        | Entered arena 7.
   757 | D        | Found a transporter.
   758 | D        | Received a gift from Sif Muna
   779 | D        | Learned a level 6 spell: Statue Form
   827 | D        | Entered arena 8.
   828 | D        | Found a transporter.
   834 | D        | Identified Sif Muna's Papyrus of Displacement (Sif Muna
                  | gifted it to you in the Dungeon)
   834 | D        | Received a gift from Sif Muna
   894 | D        | Entered arena 9.
   894 | D        | Noticed a draconian
   894 | D        | Noticed a purple draconian
   894 | D        | Noticed a black draconian
   894 | D        | Noticed a green draconian
   894 | D        | Noticed a draconian
   894 | D        | Noticed a draconian
   894 | D        | Noticed a draconian
   895 | D        | Found a transporter.
   898 | D        | Killed a draconian
   898 | D        | Reached skill level 10 in Spellcasting
   899 | D        | Killed a purple draconian
   899 | D        | Reached skill level 11 in Bows
   899 | D        | Reached skill level 10 in Dodging
   899 | D        | Reached skill level 10 in Stealth
   899 | D        | Killed a draconian
   899 | D        | Reached skill level 10 in Invocations
   900 | D        | Killed a draconian
   900 | D        | Killed a draconian
   900 | D        | Killed a black draconian
   900 | D        | Reached XP level 11. HP: 90/90 MP: 19/25
   901 | D        | Killed a green draconian
   901 | D        | Reached skill level 10 in Fighting
   901 | D        | Reached skill level 10 in Short Blades
   901 | D        | Reached skill level 10 in Long Blades
   901 | D        | Reached skill level 10 in Axes
   901 | D        | Reached skill level 10 in Maces & Flails
   901 | D        | Reached skill level 10 in Polearms
   901 | D        | Reached skill level 10 in Staves
   901 | D        | Reached skill level 10 in Slings
   901 | D        | Reached skill level 12 in Bows
   901 | D        | Reached skill level 10 in Crossbows
   901 | D        | Reached skill level 10 in Throwing
   901 | D        | Reached skill level 10 in Armour
   901 | D        | Reached skill level 10 in Shields
   901 | D        | Reached skill level 10 in Unarmed Combat
   901 | D        | Reached skill level 10 in Earth Magic
   901 | D        | Reached skill level 10 in Evocations
  1044 | D        | Entered arena 10.
  1045 | D        | Found a transporter.
  1046 | D        | Identified Sif Muna's Compendium of the Creative Birds (Sif
                  | Muna gifted it to you in the Dungeon)
  1046 | D        | Received a gift from Sif Muna
  1055 | D        | Identified Sif Muna's Volume of Battle Magic and Evil Rites
                  | (Sif Muna gifted it to you in the Dungeon)
  1055 | D        | Received a gift from Sif Muna
  1125 | D        | Learned a level 5 spell: Silence
  1130 | D        | Got the ring "Tucic" {*Corrode rC+ MR+ Str+6 Int+4}
  1146 | D        | Entered arena 11.
  1146 | D        | Noticed a shining eye
  1146 | D        | Noticed a brown ugly thing
  1146 | D        | Noticed a purple ugly thing
  1146 | D        | Noticed a brown ugly thing
  1146 | D        | Noticed an orb spider
  1148 | D        | Found a transporter.
  1151 | D        | an orb spider changed into a raiju
  1153 | D        | Killed a purple ugly thing
  1154 | D        | Killed a shining eye
  1154 | D        | Killed a purple ugly thing
  1154 | D        | Reached skill level 13 in Bows
  1155 | D        | Killed a brown ugly thing
  1155 | D        | Reached ****** piety under Sif Muna
  1155 | D        | Noticed an orb spider
  1155 | D        | a raiju changed into an orb spider
  1156 | D        | an orb spider changed into a cane toad
  1158 | D        | Received a gift from Sif Muna
  1217 | D        | Entered arena 12.
  1217 | D        | Noticed a fire crab
  1217 | D        | Noticed a sea snake
  1218 | D        | Noticed a harpy
  1218 | D        | Noticed a brown very ugly thing
  1218 | D        | a harpy changed into a jumping spider
  1218 | D        | a sea snake changed into an elephant
  1219 | D        | Found a transporter.
  1222 | D        | Noticed a moth of wrath
  1222 | D        | a swamp worm changed into a moth of wrath
  1222 | D        | Noticed a shining eye
  1222 | D        | a merfolk changed into a shining eye
  1224 | D        | a fire crab changed into something unseen
  1224 | D        | a shining eye changed into a water nymph
  1226 | D        | Killed a brown very ugly thing
  1226 | D        | Received a gift from Sif Muna
  1226 | D        | Reached XP level 12. HP: 100/100 MP: 23/27
  1226 | D        | Gained mutation: Scrolls take you a little longer to read.
                  | [a neqoxec]
  1231 | D        | Reached skill level 14 in Bows
  1280 | D        | Got the Grimoire of Feathery Contamination
  1284 | D        | Entered arena 13.
  1286 | D        | Found a transporter.
  1290 | D        | Identified Sif Muna's Grimoire of Unholy Changing (Sif Muna
                  | gifted it to you in the Dungeon)
  1290 | D        | Received a gift from Sif Muna
  1293 | D        | Reached skill level 10 in Transmutations
  1304 | D        | Got the Papyrus of Dusty Summoning
  1338 | D        | Entered arena 14.
  1339 | D        | Noticed an entropy weaver
  1339 | D        | Noticed an entropy weaver
  1346 | D        | Received a gift from Sif Muna
  1347 | D        | Found a transporter.
  1348 | D        | Reached skill level 10 in Conjurations
  1348 | D        | Reached skill level 10 in Hexes
  1348 | D        | Reached skill level 10 in Summonings
  1348 | D        | Reached skill level 10 in Necromancy
  1348 | D        | Reached skill level 10 in Translocations
  1348 | D        | Reached skill level 10 in Fire Magic
  1348 | D        | Reached skill level 10 in Ice Magic
  1348 | D        | Reached skill level 10 in Air Magic
  1348 | D        | Reached skill level 10 in Poison Magic
  1348 | D        | Killed an entropy weaver
  1348 | D        | Received a gift from Sif Muna
  1348 | D        | Killed an entropy weaver
  1348 | D        | Reached skill level 15 in Bows
  1549 | D        | Got the amulet "Ibloceta" {RegenMP rF+ rC+ rN+ SInv}
  1563 | D        | Entered arena 15.
  1565 | D        | Noticed a soul eater
  1565 | D        | Noticed a ghoul
  1565 | D        | Noticed a soul eater
  1566 | D        | Noticed a soul eater
  1566 | D        | Noticed a soul eater
  1567 | D        | Found a transporter.
  1569 | D        | Identified Sif Muna's Incunabulum of Confrontation and
                  | Transmigration (Sif Muna gifted it to you in the Dungeon)
  1569 | D        | Received a gift from Sif Muna
  1571 | D        | Killed a soul eater
  1571 | D        | Killed a ghoul
  1572 | D        | Killed a soul eater
  1572 | D        | Reached XP level 13. HP: 87/108 MP: 22/30
  1583 | D        | Got the ring "Yrro" {*Contam Int+6 SInv}
  1590 | D        | Got Nec Zurr's Handbook of Evil Stones
  1701 | D        | Entered arena 16.
  1703 | D        | Noticed a frost giant
  1703 | D        | Noticed a blizzard demon
  1703 | D        | Noticed an ice dragon
  1703 | D        | Noticed a blizzard demon
  1703 | D        | Noticed a blizzard demon
  1704 | D        | Found the +5 demon whip "Spellbinder" {antimagic, MR+}
  1704 | D        | Noticed an ice dragon
  1704 | D        | Noticed an ice dragon
  1705 | D        | Found a transporter.
  1706 | D        | Identified Sif Muna's Handbook of Doomed Shape Shifting
                  | (Sif Muna gifted it to you in the Dungeon)
  1706 | D        | Received a gift from Sif Muna
  1710 | D        | Killed a blizzard demon
  1711 | D        | Killed a blizzard demon
  1711 | D        | Reached skill level 16 in Bows
  1711 | D        | Identified Nufiaduduk's Handbook of Displacement (Sif Muna
                  | gifted it to you in the Dungeon)
  1711 | D        | Received a gift from Sif Muna
  1711 | D        | Killed an ice dragon
  1711 | D        | Killed a blizzard demon
  1711 | D        | Killed a frost giant
  1712 | D        | Killed an ice dragon
  1718 | D        | Killed an ice dragon
  1732 | D        | Got the amulet "Zous" {Reflect rF+ Str+4 Slay-3 SH+5}
  2009 | D        | Learned a level 5 spell: Borgnjor's Vile Clutch
  2009 | D        | Entered arena 17.
  2014 | D        | Noticed a storm dragon
  2015 | D        | Found a transporter.
  2018 | D        | Received a gift from Sif Muna
  2020 | D        | Reached skill level 15 in Unarmed Combat
  2021 | D        | Identified Sif Muna's Almanac of Transmigration and Damage
                  | Dealing (Sif Muna gifted it to you in the Dungeon)
  2021 | D        | Received a gift from Sif Muna
  2024 | D        | Killed a storm dragon
  2334 | D        | Entered arena 18.
  2337 | D        | Noticed a green draconian
  2337 | D        | Noticed a white draconian
  2337 | D        | Noticed a white draconian
  2337 | D        | Noticed a black draconian
  2337 | D        | Noticed a black draconian
  2337 | D        | Noticed a purple draconian
  2337 | D        | Noticed a black draconian
  2337 | D        | Noticed a yellow draconian
  2337 | D        | Noticed a green draconian
  2337 | D        | Noticed a black draconian
  2337 | D        | Noticed a red draconian
  2337 | D        | Noticed a white draconian
  2338 | D        | Identified the amulet of Wu Jian's Pride {Reflect +Fly rF-
                  | rC++ SH+5 Stlth+}
  2338 | D        | Noticed a purple draconian
  2338 | D        | Identified the ring "Wauq" {rN+ Dex+2}
  2338 | D        | Noticed a purple draconian
  2338 | D        | Noticed a red draconian
  2339 | D        | Identified the ring "Ehuuca" {rF+ rN+ MR+}
  2339 | D        | Noticed a green draconian
  2339 | D        | Noticed a yellow draconian
  2339 | D        | Noticed a black draconian
  2340 | D        | Found a transporter.
  2346 | D        | Killed a white draconian
  2346 | D        | Reached skill level 17 in Bows
  2347 | D        | Killed a white draconian
  2347 | D        | Reached skill level 15 in Short Blades
  2347 | D        | Killed a purple draconian
  2347 | D        | Killed a green draconian
  2348 | D        | Killed a black draconian
  2348 | D        | Identified Sif Muna's Almanac of the Volcanoes and Stones
                  | (Sif Muna gifted it to you in the Dungeon)
  2348 | D        | Received a gift from Sif Muna
  2348 | D        | Killed a black draconian
  2348 | D        | Killed from afar by a purple draconian

Illustrated notes

Levels and vault maps discovered:
D:        sprint_v [room_start, room_1, room_2, room_3, room_4, room_5, room_6,
          room_7, room_8, room_9, room_10, room_11, room_12, room_13, room_14,
          room_15, room_16, room_17, room_18, room_19, room_20, room_21,
          room_22, room_23, room_24, room_25, room_26, room_27]

Skill      XL: |  1  2  3  4  5  6  7  8  9 10 11 12 13 |
---------------+----------------------------------------+-----
Fighting       | 2 3 4 5 6 7 8 9 11 12 13 | 13.6
Short Blades   | 2 3 4 5 6 7 8 9 11 13 15 | 15.5
Long Blades    | 2 3 4 5 6 7 8 9 11 12 13 | 13.6
Axes           | 2 3 4 5 6 7 8 9 11 12 13 | 13.6
Maces & Flails | 2 3 4 5 6 7 8 9 11 12 13 | 13.6
Polearms       | 2 3 4 5 6 7 8 9 11 12 13 | 13.6
Staves         | 2 3 4 5 6 7 8 9 11 12 13 | 13.6
Slings         | 2 3 4 5 6 7 8 9 11 12 13 | 13.6
Bows           | 2 3 4 5 6 8 10 11 13 15 17 | 17.4
Crossbows      | 2 3 4 5 6 7 8 9 11 12 13 | 13.6
Throwing       | 2 3 4 5 6 7 8 9 11 12 13 | 13.6
Armour         | 2 3 4 5 6 7 8 9 11 12 13 | 13.6
Dodging        | 5 6 7 8 9 10 11 12 14 | 14.2
Stealth        | 5 6 7 8 9 10 11 12 14 | 14.1
Shields        | 2 3 4 5 6 7 8 9 11 12 13 | 13.6
Unarmed Combat | 2 3 4 5 6 7 8 9 11 13 15 | 15.8
Spellcasting   | 5 6 7 8 9 10 11 13 14 | 14.3
Conjurations   | 2 3 4 5 6 7 8 9 10 11 | 11.7
Hexes          | 2 3 4 5 6 7 8 9 10 11 | 11.7
Summonings     | 2 3 4 5 6 7 8 9 10 11 | 11.7
Necromancy     | 2 3 4 5 6 7 8 9 10 11 | 11.7
Translocations | 2 3 4 5 6 7 8 9 10 11 | 11.7
Transmutations | 3 4 5 6 7 8 9 10 11 | 11.9
Fire Magic     | 2 3 4 5 6 7 8 9 10 11 | 11.7
Ice Magic      | 2 3 4 5 6 7 8 9 10 11 | 11.7
Air Magic      | 2 3 4 5 6 7 8 9 10 11 | 11.7
Poison Magic   | 2 3 4 5 6 7 8 9 10 11 | 11.7
Invocations    | 3 5 6 8 9 10 11 13 14 | 14.6
Evocations     | 2 3 4 5 6 7 8 9 11 12 13 | 13.6
Earth Magic    | 6 7 8 9 10 11 12 | 12.7

Action                   |  1- 3 |  4- 6 |  7- 9 | 10-12 | 13-15 || total
-------------------------+-------+-------+-------+-------+-------++-------
Melee: Double sword      |     5 |     4 |    10 |    40 |    15 ||    74
       Bite              |       |     1 |       |     6 |     3 ||    10
       Punch             |       |       |       |     1 |       ||     1
 Cast: Irradiate         |       |       |     4 |     9 |    13 ||    26
       Statue Form       |       |       |       |     9 |     3 ||    12
Evoke: Wand              |       |     2 |       |     2 |       ||     4
  Use: Potion            |       |       |     4 |       |     1 ||     5
       Scroll            |       |       |     1 |       |       ||     1
 Stab: Sleeping          |     1 |       |       |       |       ||     1
Armor: Robe              |       |     1 |     3 |       |       ||     4
       Skin              |       |       |       |    38 |    37 ||    75
Dodge: Dodged            |     6 |     3 |    23 |    82 |    70 ||   184
Block: Other             |       |       |       |     4 |       ||     4
       Buckler           |       |       |       |    55 |    32 ||    87
       Rpst.: Double sword |     2 |       |     1 |    24 |     9 ||    36

Table legend: (Time is in decaauts)
 A = Elapsed time spent in this place.
 B = Non-inter-level travel time spent in this place.
 C = Inter-level travel time spent in this place.
 D = Time resting spent in this place.
 E = Time spent auto-exploring this place.
 F = Levels seen in this place.
 G = Mean time per level.
                   A        B        C        D        E       F      G
               +--------+--------+--------+--------+--------+-----+--------+
         Total |   2667 |   2667 |      0 |   1999 |     21 |   1 | 2667.0 |
       Dungeon |   2667 |   2667 |      0 |   1999 |     21 |   1 | 2667.0 |
               +--------+--------+--------+--------+--------+-----+--------+

Top non-repeatable levels by time:
       D: 2667 daAuts
